 Dungeon Crawl Stone Soup version 0.27.0-1-g7a089689b8 (webtiles) character file.

Game seed: 11996679989978735492

3 ZenoRockbell the Skirmisher (level 1, -17/19 HPs)
             Began as a Draconian Fighter on Aug 6, 2021.
             Killed by an exploding jackal (36 damage)
             ... ignited by their inner flame
             ... on level 1 of the Dungeon.
             The game lasted 00:00:38 (284 turns).

ZenoRockbell the Skirmisher (Draconian Fighter)      Turns: 284, Time: 00:00:38

Health: -17/19     AC:  4    Str: 18    XL:     1   Next: 41%
Magic:  1/1        EV: 10    Int:  8    God:
Gold:   10         SH:  8    Dex: 10    Spells: 0/0 levels left

rFire    . . .     SeeInvis .   a - +0 long sword
rCold    . . .     Faith    .   b - +0 kite shield
rNeg     . . .     Spirit   .   (armour unavailable)
rPois    .         Reflect  .   (helmet restricted)
rElec    .         Harm     .   (no cloak)
rCorr    .         Rampage  .   (no gloves)
Will     .....                  (no boots)
Stlth    +.........             (no amulet)
HPRegen  0.06/turn              (no ring)
MPRegen  0.07/turn              (no ring)

@: no status effects
A: AC +4, unfitting armour, cold-blooded
a: no special abilities


You were on level 1 of the Dungeon.
You visited 1 branch of the dungeon, and saw 1 of its levels.

You collected 10 gold pieces.

Inventory:

Hand Weapons
 a - a +0 long sword (weapon)
Armour
 b - a +0 kite shield (worn)
Potions
 c - a potion of might
 e - a potion of mutation {unknown}


   Skills:
 + Level 3.4 Fighting
 + Level 2.0 Long Blades
 + Level 2.7 Dodging
 + Level 3.0 Shields


You couldn't memorise any spells.
You didn't know any spells.
Your spell library was empty.

Dungeon Overview and Level Annotations

Branches:
Dungeon (1/15)

Altars:


Innate Abilities, Weirdness & Mutations

Your plain brown scales are hard. (AC +4)
You cannot fit into any form of body armour.
You are cold-blooded and may be slowed by cold attacks.


Message History

You block the jackal's attack.
You hit the jackal.
Your tail-slap misses the jackal.
The jackal is lightly wounded.
The jackal bites you. The jackal misses you.
You riposte.
You barely miss the jackal.
The jackal is lightly wounded.
You hit the jackal but do no damage.
The jackal is lightly wounded.
You block the jackal's attack. The jackal bites you.
You barely miss the jackal.
The jackal is lightly wounded.
The jackal barely misses you. The jackal bites you.
You closely miss the jackal.
The jackal is lightly wounded.
The jackal bites you but does no damage.
The jackal bites you.
The jackal bites you but does no damage.
You hit the jackal.
Your tail-slap misses the jackal.
The jackal is moderately wounded.
The jackal misses you. You block the jackal's attack.
You closely miss the jackal.
Your tail-slap misses the jackal.
The jackal is moderately wounded.
The jackal bites you. x2
You hit the jackal.
You kill the jackal!
You see here a jackal corpse.
You now have 10 gold pieces.
HP restored.
You see here a jackal skeleton.
A jackal comes into view.
As you read the scroll labelled VAROUZ JAU, it crumbles to dust.
The creatures around you are filled with an inner flame!
It was a scroll of immolation.
The jackal barks!
You hear a shout!
You block the jackal's attack.
You slash the jackal!
The jackal explodes!
The fiery explosion engulfs you!!!
Ouch! That really hurt!
You die...

....#....#..#..#..
..#.
.....†..#...#..#..#...
....#......#...#...#.
....#..........#....
... ##.............. .
###
###..........#####..
######...............
............§§§......
............@§.......
#####.......§§#......
#..#.......# #####
....##.....÷.# #####
#.......# #########


There were no monsters in sight!

Vanquished Creatures
  2 jackals (D:1)
  A quokka (D:1)
  A frilled lizard (D:1)
4 creatures vanquished.

Notes
Turn   | Place    | Note
-------+----------+-------------------------------------------
     0 | D:1      | ZenoRockbell the Draconian Fighter began the quest for the
                  | Orb.
     0 | D:1      | Reached XP level 1. HP: 19/19 MP: 1/1
   284 | D:1      | Killed by an exploding jackal... ignited by their inner
                  | flame

Illustrated notes

Levels and vault maps discovered:
D:1:      minmay_arrival_radiant_lines, layout_rooms, basic_ecumenical_altar

Action                   || total
-------------------------++-------
Melee: Long sword        ||    16
       Tailslap          ||     1
  Use: Scroll            ||     1
Armor: Skin              ||     3
Dodge: Dodged            ||     9
Block: Kite shield       ||    10
       Rpst.: Long sword ||     3
